 Dungeon Crawl Stone Soup version 0.28-a0-909-g796cbd3a86 (webtiles) character file.

Game seed: 5843321143973300598

207 ragingrage the Chopper (level 5, -2/40 HPs)
             Began as a Palentonga Warper on Nov 24, 2021.
             Hit by a boomerang thrown by an orc (3 damage)
             ... on level 3 of the Dungeon.
             The game lasted 00:02:22 (2718 turns).

ragingrage the Chopper (Palentonga Warper)          Turns: 2718, Time: 00:02:23

Health: -2/40      AC:  4    Str: 14    XL:     5   Next: 54%
Magic:  8/8        EV:  9    Int: 13    God:
Gold:   108        SH:  0    Dex: 11    Spells: 6/8 levels left

rFire   . . .      SeeInvis +   b - +3 whip
rCold   . . .      Faith    .   (no shield)
rNeg    . . .      Spirit   .   g - +0 leather armour
rPois   .          Reflect  .   (no helmet)
rElec   .          Harm     .   (no cloak)
rCorr   .          Rampage  .   (no gloves)
Will    .....                   (no barding)
Stlth   +.........              (no amulet)
HPRegen 0.13/turn               (no ring)
MPRegen 0.11/turn               (no ring)

@: no status effects
A: large, rugged brown scales 3, see invisible, deformed body, roll 1, armoured
tail
a: Rolling Charge


You were on level 3 of the Dungeon.
You visited 1 branch of the dungeon, and saw 3 of its levels.

You collected 108 gold pieces.

Inventory:

Hand Weapons
 a - a +0 hand axe
 b - a +3 whip (weapon)
Missiles
 d - 5 boomerangs of dispersal
 j - 8 poisoned darts (quivered)
Armour
 g - a +0 leather armour (worn)
Scrolls
 c - a scroll of blinking
 e - a scroll of identify
 i - a scroll of teleportation
Potions
 f - a potion of magic
 h - 2 potions of degeneration {unknown}
 k - a potion of heal wounds {unknown}


   Skills:
 - Level 2.0 Fighting
 * Level 5.9 Axes
 - Level 0.6 Throwing
 - Level 0.7 Armour
 - Level 1.5 Dodging
 - Level 2.0 Spellcasting
 - Level 3.0 Translocations


You had 6 spell levels left.
You knew the following spells:

 Your Spells              Type           Power      Damage    Failure   Level
a - Blink                 Tloc           18%        N/A       14%         2

Your spell library contained the following spells:

 Spells                   Type           Power      Damage    Failure   Level
 Gell's Gravitas          Tloc           9%         N/A       28%         3
 Lesser Beckoning         Tloc           9%         N/A       28%         3
 Teleport Other           Tloc           9%         N/A       28%         3
 Sandblast                Erth           2%         2d4       32%         1
 Slow                     Hex            4%         N/A       32%         1
 Passwall                 Tmut/Erth      0%         N/A       43%         2
 Confusing Touch          Hex            1%         N/A       67%         3
 Stone Arrow              Conj/Erth      2%         3d7       67%         3
 Vampiric Draining        Necr           1%         2d6       67%         3
 Manifold Assault         Tloc           9%         N/A       95%         5
 Animate Armour           Summ/Erth      2%         N/A       97%         4
 Blade Hands              Tmut           0%         N/A       100%        5
 Iron Shot                Conj/Erth      0%         9d1       100%        6


Dungeon Overview and Level Annotations

Branches:
Dungeon (3/15)

Altars:


Innate Abilities, Weirdness & Mutations

You are completely covered in rugged brown scales. (AC +3, +7% HP)
You have supernaturally acute eyesight. (SInv)
Armour fits poorly on your strangely shaped body.
You can roll at nearby foes to attack.
You have a long armoured tail.


Message History

Aim: Natasha You roll forward with a clatter of scales!
You closely miss Natasha.
You hear a shout! x3
Natasha casts a spell.
You hit Natasha. You tail-slap Natasha.
Natasha is heavily wounded.
Natasha casts a spell at you. The magic dart hits you.
You barely miss Natasha.
Natasha is heavily wounded.
Natasha claws you.
You barely miss Natasha. You tail-slap Natasha.
Natasha is severely wounded.
Natasha claws you.
* * * LOW HITPOINT WARNING * * *
You hit Natasha.
Natasha is severely wounded.
Natasha claws you.
* * * LOW HITPOINT WARNING * * *
You barely miss Natasha.
Natasha is severely wounded.
Natasha mumbles some strange words.
Natasha glows brightly for a moment.
Natasha barely misses you.
You barely miss Natasha.
Natasha is severely wounded.
The shadow imp summons a swarm of flies.
Natasha claws you!
* * * LOW HITPOINT WARNING * * *
You hit Natasha.
You kill Natasha!
Natasha screams in pain as she dies!
The shadow imp disappears in a puff of smoke!
You start resting.
An orc comes into view. It is wielding a +0 dagger.
The orc throws a boomerang.
The boomerang hits you.
* * * LOW HITPOINT WARNING * * *
The orc throws a boomerang.
The boomerang hits you.
You die...

## .# .# .# .### .#..
.#.#
#####################
.#.#
#..........@...†..o.#
##.#
#†#################.#
.#.###.###### #)#
..............
..h......>#
.......######.
..#.###.#.# .#######
#.#.# .# ..# # .# ..#
.# #.#


You could see an orc.

Vanquished Creatures
  A howler monkey (D:3)
  An orc priest (D:3)
  An iguana (D:3)
  Natasha (D:3)
  A scorpion zombie (D:3)
  2 adders (D:3)
  A worm (D:3)
  2 dart slugs
  An orc (D:3)
  2 bats
  2 endoplasms
  4 goblins
  7 hobgoblins
  2 jackals (D:1)
  A kobold (D:1)
  A quokka (D:2)
  7 ball pythons
  4 frilled lizards
  7 rats
48 creatures vanquished.

Notes
Turn   | Place    | Note
-------+----------+-------------------------------------------
     0 | D:1      | ragingrage the Palentonga Warper began the quest for the
                  | Orb.
     0 | D:1      | Reached XP level 1. HP: 17/17 MP: 3/3
   278 | D:1      | Reached XP level 2. HP: 21/23 MP: 5/5
   392 | D:1      | Reached skill level 3 in Axes
  1048 | D:2      | Reached XP level 3. HP: 22/28 MP: 6/6
  1362 | D:2      | Learned a level 2 spell: Blink
  1786 | D:3      | Reached skill level 4 in Axes
  1793 | D:3      | Reached XP level 4. HP: 27/35 MP: 7/7
  1988 | D:3      | Reached skill level 5 in Axes
  2299 | D:3      | Reached XP level 5. HP: 22/40 MP: 8/8
  2695 | D:3      | Noticed Natasha
  2710 | D:3      | HP: 1/40 [Natasha (7)]
  2711 | D:3      | Killed Natasha
  2716 | D:3      | HP: 1/40 [orc/boomerang (1)]
  2718 | D:3      | Hit by a boomerang thrown by an orc

Illustrated notes

Levels and vault maps discovered:
D:1:      dpeg_arrival_simpleton_c, layout_basic
D:2:      layout_rooms
D:3:      layout_basic, st_stairs_8, minmay_ruptured, uniq_natasha

Skill      XL: |  1  2  3  4 |
---------------+-------------+-----
Axes           | 3 4 5 |  5.9
Fighting       | |  2.0
Throwing       | |  0.6
Armour         | |  0.7
Dodging        | |  1.5
Spellcasting   | |  2.0
Translocations | |  3.0

Action                   |  1- 3 |  4- 6 || total
-------------------------+-------+-------++-------
Melee: Hand axe          |    24 |       ||    24
       Tailslap          |     8 |     7 ||    15
       Whip              |    70 |    68 ||   138
Throw: Dart              |    11 |       ||    11
 Abil: Rolling Charge    |     1 |     3 ||     4
  Use: Scroll            |     4 |       ||     4
Armor: Leather armour    |    30 |    15 ||    45
Dodge: Dodged            |    49 |    23 ||    72

Table legend: (Time is in decaauts)
 A = Elapsed time spent in this place.
 B = Non-inter-level travel time spent in this place.
 C = Inter-level travel time spent in this place.
 D = Time resting spent in this place.
 E = Time spent auto-exploring this place.
 F = Levels seen in this place.
 G = Mean time per level.
                   A        B        C        D        E       F      G
               +--------+--------+--------+--------+--------+-----+--------+
         Total |   2715 |   2605 |    110 |    384 |   1797 |   3 |  905.0 |
       Dungeon |   2715 |   2605 |    110 |    384 |   1797 |   3 |  905.0 |
               +--------+--------+--------+--------+--------+-----+--------+

Top non-repeatable levels by time:
     D:1: 1043 daAuts
     D:3: 995 daAuts
     D:2: 676 daAuts
